 Dungeon Crawl Stone Soup version 0.29.1-13-g9f3cf754e1 (webtiles) character file.

Game seed: 12728392888780904463

46 KittyFluff the Trooper (level 3, 0/36 HPs)
             Began as a Gargoyle Berserker on Feb 6, 2023.
             Was a Believer of Trog.
             Slain by a hobgoblin (3 damage)
             ... led by Robin
             ... on level 1 of the Dungeon.
             The game lasted 00:04:54 (1370 turns).

KittyFluff the Trooper (Gargoyle Berserker)         Turns: 1370, Time: 00:04:54

Health: 0/36       AC: 10    Str: 20    XL:     3   Next: 66%
Magic:  3/3        EV: 12    Int:  7    God:    Trog [**....]
Gold:   64         SH:  0    Dex: 11    Spells: 2/2 levels left

rFire   . . .      SeeInvis .   a - +0 mace
rCold   . . .      Faith    .   (no shield)
rNeg    + . .      Spirit   .   b - +0 animal skin
rPois   ∞          Reflect  .   (no helmet)
rElec   +          Harm     .   d - +0 cloak
rCorr   .          Rampage  .   (no gloves)
Will    .....                   (no boots)
Stlth   ..........              (no amulet)
HPRegen 0.12/turn               g - +4 ring of protection
MPRegen 0.08/turn               (no ring)

@: berserking (expiring), very quick
A: sickness immunity, AC +3, negative energy resistance 1, electricity
resistance, torment resistance 1, petrification resistance
a: Renounce Religion, Berserk, Trog's Hand


You were on level 1 of the Dungeon.
You worshipped Trog.
Trog was pleased with you.
You visited 1 branch of the dungeon, and saw 2 of its levels.

You collected 64 gold pieces.

Inventory:

Hand Weapons
 a - a +0 mace (weapon)
 j - a +0 sling
Missiles
 f - 10 stones (quivered)
Armour
 b - a +0 animal skin (worn)
 d - a +0 cloak (worn)
 i - a +0 ring mail
Jewellery
 g - a +4 ring of protection (left hand)
Scrolls
 e - a scroll of immolation {unknown}
 h - a scroll of enchant armour {unknown}
Potions
 c - a potion of curing {unknown}
 k - a potion of might


   Skills:
 + Level 4.0 Fighting
 + Level 3.6 Maces & Flails
 * Level 2.5 Armour
 + Level 1.9 Dodging


You had 2 spell levels left.
You didn't know any spells.
Your spell library was empty.

Dungeon Overview and Level Annotations

Branches:
Dungeon (2/15)

Altars:

Shops:
D:1 (

Annotations:
D:1 Terence
D:2 Robin


Innate Abilities, Weirdness & Mutations

You are immune to sickness and miasma.
Your stone body is resilient. (AC +3)
You are immune to poison.
You resist negative energy. (rN+)
You are resistant to electric shocks. (rElec)
You are resistant to unholy torment.
You are immune to petrification.


Message History

The hobgoblin barely misses you. Robin hits you but does no damage.
Terence hits you with a +2 hand axe of electrocution.
You climb upwards.
There is a stone staircase leading down here.
You hit Terence but do no damage. The hobgoblin hits you.
Terence hits you but does no damage.
You closely miss Terence. The hobgoblin barely misses you.
Terence completely misses you.
You closely miss Terence. The hobgoblin closely misses you.
Terence hits you but does no damage.
You hit Terence.
Terence is lightly wounded.
The hobgoblin closely misses you. Terence closely misses you.
The hobgoblin hits you but does no damage.
Terence hits you but does no damage.
You barely miss Terence.
Terence is lightly wounded.
The hobgoblin hits you.
Terence hits you with a +2 hand axe of electrocution.
* * * LOW HITPOINT WARNING * * *
A red film seems to cover your vision as you go berserk!
You feel yourself moving faster!
You feel mighty! The hobgoblin misses you. Terence closely misses you.
You hit Terence.
Terence is heavily wounded.
You closely miss Terence.
Terence is heavily wounded.
The hobgoblin closely misses you. Terence closely misses you.
You barely miss Terence.
Terence is heavily wounded.
The hobgoblin closely misses you. Terence hits you but does no damage.
You sock Terence!
Terence is almost dead.
The hobgoblin closely misses you.
Terence hits you with a +2 hand axe of electrocution.
* * * LOW HITPOINT WARNING * * *
You hit Terence but do no damage.
Terence is almost dead.
The hobgoblin hits you.
You die...

##........#...##..# #.# #.#
##........#...##..# #.# #.#
........#.#...##..# #.# #.#
........#.#....#..# #.# #.#
........'......#..# #.# #.#
........#.#....#..# #.# #.#
........#.#.......# #.# #.#
##+##+###.#.#..#g.#######.#####.#
...............†@@...............
...##.###.#......)#######.#####.#
##.##...............[# #.... #.#
.............#.#.###.# ###.# #.#
##...##......#.#)....# #.# #.#
###.##......#.#)##### #.# #.#
#.##......#.#.# #.# #.#
#......#+##+#.# #.# #.#
#####...[.....# #.# #.#


You could see Terence and a hobgoblin (strong).

Vanquished Creatures
  An adder (D:2)
  A worm (D:2)
  A dart slug (D:1)
  2 ball pythons (D:1)
  An endoplasm (D:2)
  11 goblins
  5 hobgoblins (D:1)
  2 quokkas (D:1)
  A bat (D:2)
  3 frilled lizards (D:1)
  A rat (D:2)
29 creatures vanquished.

Notes
Turn   | Place    | Note
-------+----------+-------------------------------------------
     0 | D:1      | KittyFluff the Gargoyle Berserker began the quest for the
                  | Orb.
     0 | D:1      | Reached XP level 1. HP: 14/14 MP: 1/1
   290 | D:1      | Reached XP level 2. HP: 15/19 MP: 2/2
   326 | D:1      | Found Dulim's Antique Weapon Shoppe.
   906 | D:2      | Reached XP level 3. HP: 19/24 MP: 3/3
   911 | D:2      | Reached skill level 4 in Fighting
   924 | D:2      | Noticed Robin
   940 | D:2      | Reached ** piety under Trog
  1350 | D:2      | Noticed Terence
  1370 | D:1      | Slain by a hobgoblin

Illustrated notes

Levels and vault maps discovered:
D:1:      lemuel_arrival_behind_the_door_small, layout_basic, serial_shops,
          shop_fountains, minmay_tromino_v2
D:2:      layout_loops_ring, minmay_misc_feat_tower, st_stairs_7,
          corexii_item_surrounded_by_moat, uniq_terence, uniq_robin

Skill      XL: |  1  2  3 |
---------------+----------+-----
Fighting       | 4 |  4.0
Maces & Flails | |  3.6
Armour         | |  2.5
Dodging        | |  1.9

Action                   || total
-------------------------++-------
Melee: Mace              ||   101
Invok: Berserk           ||     1
 Stab: Sleeping          ||     1
Armor: Animal skin       ||    54
Dodge: Dodged            ||   106
